 Dungeon Crawl Stone Soup version 0.18.1-6-gd335043 (webtiles) character file.

654 Gargoyl the Covered (level 7, -4/55 HPs)
             Began as a Demonspawn Abyssal Knight on May 19, 2016.
             Was a Believer of Lugonu.
             Slain by Prince Ribbit (14 damage)
             ... on level 5 of the Dungeon.
             The game lasted 00:13:41 (4475 turns).

Gargoyl the Covered (Demonspawn Abyssal Knight)     Turns: 4475, Time: 00:13:42

Health: -4/55      AC: 19    Str: 14    XL:     7   Next: 29%
Magic:  9/9        EV: 12    Int: 11    God:    Lugonu [**....]
Gold:   235        SH:  4    Dex: 17    Spells: 0 memorised, 6 levels left

rFire  . . .     SeeInvis .     a - +1 hand axe
rCold  + . .     Gourm    .     e - +0 chain mail
rNeg   . . .     Faith    .     m - +0 buckler
rPois  .         Spirit   .     r - +2 helmet
rElec  .         Dismiss  .     (no cloak)
rCorr  .         Reflect  .     j - +1 pair of gloves
SustAt .         Harm     .     (no boots)
MR     ++...                    (no amulet)
Stlth  ..........               l - ring of protection from cold
                                (no ring)

@: agile, very resistant to hostile enchantments, extremely unstealthy
A: rough black scales 1, dopey 1, magic resistance 2, rot immunity, MP-powered
wands
a: Depart the Abyss, Bend Space, Renounce Religion


You were on level 5 of the Dungeon.
You worshipped Lugonu.
Lugonu was pleased with you.
You were very hungry.

You visited 1 branch of the dungeon, and saw 5 of its levels.
You visited the Abyss 1 time.

You collected 235 gold pieces.

Inventory:

Hand Weapons
 a - a +1 hand axe (weapon)
 d - a +0 flail
Armour
 e - a +0 chain mail (worn)
 j - a +1 pair of gloves (worn)
 m - a +0 buckler (worn)
 r - a +2 helmet (worn)
Jewellery
 l - a ring of protection from cold (right hand)
Wands
 n - a wand of teleportation (6/9)
Scrolls
 f - a scroll of teleportation {unknown}
 g - 3 scrolls of remove curse
 o - 3 scrolls of random uselessness {unknown}
 q - a scroll of enchant weapon {unknown}
 s - 3 scrolls of blinking {unknown}
 t - 3 scrolls of identify {unknown}
Potions
 b - a potion of brilliance
 h - 2 potions of curing
Comestibles
 c - 3 bread rations
 k - 2 beef jerkies
 p - a meat ration


   Skills:
 + Level 4.6 Fighting
 + Level 3.2 Axes
 * Level 5.1 Armour
 + Level 2.1 Dodging
 + Level 1.4 Shields
 + Level 3.1 Invocations


You had 6 spell levels left.
You didn't know any spells.

Dungeon Overview and Level Annotations

Branches:
Dungeon (5/15)
 Temple: D:4-7

Altars:
Cheibriados
Gozag
Makhleb
Okawaru
Ru
Trog
Yredelemnul
The Shining One

Annotations:
D:5 Prince Ribbit
Abyss:1 Grinder


Innate Abilities, Weirdness & Mutations

You are partially covered in rough black scales (AC +4, Dex -1).
You are immune to rotting.
You are dopey. (Int -2)
You are highly resistant to hostile enchantments.
You expend magic power (3 MP) to strengthen your wands.


Message History

Prince Ribbit blinks!
The phantom hits you.
* * * LOW HITPOINT WARNING * * *
Prince Ribbit casts a spell.
Prince Ribbit looks slightly unstable.
The phantom hits you.
* * * LOW HITPOINT WARNING * * *
The phantom blinks!
Prince Ribbit disappears!
Prince Ribbit reappears nearby!
You hit the phantom but do no damage.
The phantom is lightly damaged.
You closely miss Prince Ribbit.
Prince Ribbit is severely wounded.
Prince Ribbit mumbles some strange words.
Prince Ribbit looks slightly unstable.
The phantom hits you.
* * * LOW HITPOINT WARNING * * *
You hit the phantom.
The phantom is moderately damaged.
You miss Prince Ribbit.
Prince Ribbit is severely wounded.
Prince Ribbit hits you!
You die...

#.# #.# ##.##
#...# #...# #
#...#
#.####...#####
.##.....?......#
......F@W.......
...............#
#######....#.###
#....#.# #....#
# #....# #.....
###.###


You could see Prince Ribbit and a phantom.

Vanquished Creatures
  2 phantoms (D:4)
  3 iguanas (D:4)
  2 worker ants (D:4)
  Robin (D:2)
  4 gnolls
  7 adders
  An adder skeleton (D:4)
  2 worms (D:2)
  3 dart slugs
  5 giant geckos
  3 orcs (D:4)
  7 bats
  5 giant cockroaches
  13 goblins
  16 hobgoblins
  3 kobolds
  A quokka (D:5)
  6 giant newts
  10 rats
94 creatures vanquished.

Notes
Turn   | Place    | Note
--------------------------------------------------------------
     0 | Abyss:1  | Gargoyl the Demonspawn Abyssal Knight began the quest for the Orb.
     0 | Abyss:1  | Reached XP level 1. HP: 18/18 MP: 2/2
    20 | Abyss:1  | Noticed a neqoxec
    44 | Abyss:1  | Gained mutation: You are dopey. (Int -2) [a neqoxec]
    82 | Abyss:1  | Noticed a small abomination
    89 | Abyss:2  | Found a corrupted altar of Lugonu.
   135 | Abyss:2  | Found a corrupted altar of Lugonu.
   156 | Abyss:2  | Noticed an ancient zyme
   203 | Abyss:2  | Noticed a raiju
   203 | D:1      | Escaped the Abyss
   249 | D:1      | Reached skill level 2 in Armour
   329 | D:1      | Gained mutation: You are immune to rotting. [demonic ancestry]
   329 | D:1      | Reached XP level 2. HP: 17/24 MP: 3/3
   349 | D:1      | Reached skill level 1 in Dodging
   389 | D:1      | Reached * piety under Lugonu
   780 | D:1      | Reached XP level 3. HP: 23/29 MP: 4/4
  1208 | D:2      | Found a snail-covered altar of Cheibriados.
  1400 | D:2      | Reached ** piety under Lugonu
  1470 | D:2      | Reached skill level 3 in Armour
  1470 | D:2      | Reached XP level 4. HP: 34/36 MP: 5/5
  1508 | D:2      | Found a burning altar of Makhleb.
  1588 | D:2      | Noticed Robin
  1613 | D:2      | Killed Robin
  2083 | D:2      | Gained mutation: You are partially covered in rough black scales (AC +4, Dex -1). [demonic ancestry]
  2083 | D:2      | Reached XP level 5. HP: 19/42 MP: 6/6
  2309 | D:3      | Reached *** piety under Lugonu
  2609 | D:3      | Found a sacrificial altar of Ru.
  2670 | D:3      | Noticed Grinder
  2685 | D:3      | Paralysed by Grinder for 5 turns
  2694 | D:3      | Paralysed by Grinder for 2 turns
  2700 | D:3      | Paralysed by Grinder for 7 turns
  2713 | D:3      | Gained mutation: You are resistant to hostile enchantments. [potion of mutation]
  2713 | D:3      | Gained mutation: You expend magic power (3 MP) to strengthen your wands. [potion of mutation]
  2713 | D:3      | Gained mutation: You are highly resistant to hostile enchantments. [potion of mutation]
  2715 | D:3      | Banished Grinder
  2715 | D:3      | Reached skill level 4 in Armour
  2715 | D:3      | Reached XP level 6. HP: 18/48 MP: 7/7
  2975 | D:4      | Reached skill level 1 in Shields
  3167 | D:4      | Found an iron altar of Okawaru.
  3305 | D:4      | Found an opulent altar of Gozag.
  4007 | D:4      | Found a basalt altar of Yredelemnul.
  4048 | D:4      | Found a glowing golden altar of the Shining One.
  4181 | D:4      | Found a bloodstained altar of Trog.
  4207 | D:4      | Reached XP level 7. HP: 45/55 MP: 7/9
  4315 | D:4      | Reached skill level 5 in Armour
  4360 | D:4      | Noticed an angel
  4390 | D:5      | Entered Level 5 of the Dungeon
  4458 | D:5      | Noticed Prince Ribbit
  4475 | D:5      | Slain by Prince Ribbit

Skill      XL: |  1  2  3  4  5  6  7 |
---------------+----------------------+-----
Armour         | 2 3 4 5 |  5.1
Axes           | 2 3 |  3.2
Dodging        | 1 2 |  2.1
Fighting       | 4 |  4.6
Shields        | 1 |  1.4
Invocations    | 3 |  3.1

Action                   |  1- 3 |  4- 6 |  7- 9 || total
-------------------------+-------+-------+-------++-------
Melee: Hand axe          |   117 |   274 |    60 ||   451
Invok: Depart the Abyss  |     1 |       |       ||     1
       Banish            |       |     3 |       ||     3
  Use: Potion            |       |     8 |     1 ||     9
       Scroll            |       |     3 |       ||     3
  Eat: Chunk             |     2 |     9 |       ||    11
       Fruit             |       |       |     1 ||     1
Armor: Chain mail        |   120 |   204 |    35 ||   359
Dodge: Dodged            |    47 |    74 |    14 ||   135
Block: Buckler           |     8 |    46 |     5 ||    59
